 Dungeon Crawl Stone Soup version 0.27.1-34-g3ba077fa99 (webtiles) character file.

Game seed: 16342202558762790358

16130 Erymatos the Cleaver (level 12, -1/112 HPs)
             Began as a Minotaur Berserker on Oct 12, 2021.
             Was a High Priest of Trog.
             Slain by a death yak (11 damage)
             ... on level 3 of the Lair of Beasts on Jan 21, 2022.
             The game lasted 00:19:34 (10057 turns).

Erymatos the Cleaver (Minotaur Berserker)          Turns: 10057, Time: 00:19:34

Health: -1/112     AC: 17    Str: 26    XL:     12   Next: 7%
Magic:  11/11      EV: 17    Int:  4    God:    Trog [*****.]
Gold:   598        SH:  0    Dex: 11    Spells: 11/11 levels left

rFire    . . .     SeeInvis .   O - +6 battleaxe
rCold    . . .     Faith    .   (shield currently unavailable)
rNeg     . . .     Spirit   .   G - +0 scale mail
rPois    .         Reflect  .   (helmet restricted)
rElec    .         Harm     .   C - +0 cloak
rCorr    .         Rampage  .   A - +0 pair of gloves
Will     .....                  f - +0 pair of boots
Stlth    ..........             n - amulet of regeneration
HPRegen  1.28/turn              e - +4 ring of protection
MPRegen  0.12/turn              h - +4 ring of evasion

@: on berserk cooldown
A: horns 2, retaliatory headbutt
a: Renounce Religion, Berserk, Trog's Hand, Brothers in Arms


You were on level 3 of the Lair of Beasts.
You worshipped Trog.
Trog was extremely pleased with you.
You visited 2 branches of the dungeon, and saw 11 of its levels.

You collected 598 gold pieces.

Inventory:

Hand Weapons
 a - a +0 hand axe
 O - a +6 battleaxe (weapon)
Missiles
 l - 4 throwing nets (quivered)
Armour
 f - a +0 pair of boots (worn)
 A - a +0 pair of gloves (worn)
 C - a +0 cloak (worn)
 G - a +0 scale mail (worn)
 J - a +0 hat of willpower
 N - a +1 cloak
Jewellery
 e - a +4 ring of protection (left hand)
 h - a +4 ring of evasion (right hand)
 n - an amulet of regeneration (around neck)
 D - a ring of fire
 E - a ring of resist corrosion
 L - a ring of positive energy
Wands
 I - a wand of paralysis (12)
 K - a wand of digging (4)
Scrolls
 b - 6 scrolls of magic mapping {unknown}
 d - 4 scrolls of enchant armour {unknown}
 i - a scroll of fog {unknown}
 j - 3 scrolls of noise {unknown}
 k - 13 scrolls of identify {unknown}
 o - 3 scrolls of teleportation {unknown}
 p - a scroll of torment {unknown}
 q - a scroll of fear {unknown}
 t - 4 scrolls of brand weapon {unknown}
 u - 5 scrolls of amnesia {unknown}
 v - 2 scrolls of enchant weapon {unknown}
 y - a scroll of summoning {unknown}
 F - 2 scrolls of immolation {unknown}
Potions
 c - 2 potions of resistance {unknown}
 g - 3 potions of haste
 m - a potion of degeneration {unknown}
 r - 5 potions of curing {unknown}
 s - a potion of flight {unknown}
 w - a potion of mutation {unknown}
 x - 3 potions of might {unknown}
 z - 2 potions of heal wounds {unknown}
 B - 2 potions of attraction {unknown}
 H - a potion of brilliance {unknown}
 M - a potion of lignification {unknown}


   Skills:
 + Level 12.0 Fighting
 + Level 14.7 Axes
 + Level 11.5 Armour
 + Level 8.0 Dodging


You had 11 spell levels left.
You didn't know any spells.
Your spell library was empty.

Dungeon Overview and Level Annotations

Branches:
Dungeon (8/15)             Temple (0/1) D:7            Lair (3/6) D:8
  Swamp (0/4) Lair:2
  Snake: Lair:2-4    Spider: Lair:2-4

Altars:
Elyvilon
Hepliaklqana
Kikubaaqudgha
Xom
Yredelemnul
Zin
The Shining One

Shops:
D:2 :   D:3 :   D:5 :


Innate Abilities, Weirdness & Mutations

You have a pair of horns on your head.
You reflexively headbutt those who attack you in melee.


Message History

You slice the death yak!! You barely miss the death yak.
The death yak gores you! The death yak closely misses you.
You furiously retaliate!
You headbutt the death yak, but do no damage.
The death yak gores you. x2; The death yak barely misses you.
You slice the death yak!! You headbutt the death yak.
The death yak is severely wounded.
You barely miss the death yak.
You hit the death yak but do no damage. x2
You hit the death yak.
You feel yourself speed up. The death yak completely misses you.
You furiously retaliate!
You headbutt the death yak. The death yak closely misses you.
The death yak gores you.
The death yak gores you but does no damage.
The death yak gores you!!
There are monsters nearby!
You slash the death yak! You headbutt the death yak!
You kill the death yak!
Trog accepts your kill.
You hit the death yak.
You hit the death yak but do no damage. x2
You slash the death yak! The death yak gores you! The death yak gores you.
The death yak gores you but does no damage.
The death yak gores you!
Your Fighting skill increases to level 12!
Your Dodging skill increases to level 8!
There are monsters nearby!
You are too injured to fight recklessly!
There are monsters nearby!
You're still recovering from your berserk rage.
Unknown command.
You are too injured to fight recklessly!
You are too injured to fight recklessly!
Your troll goes berserk!
The death yak gores you!
* * * LOW HITPOINT WARNING * * *
The death yak gores you but does no damage. x3
The death yak gores you!!
* * * LOW HITPOINT WARNING * * *
The death yak closely misses you. The death yak gores you!
You die...

...............
PP..P..P.......
................
................
........................
.......>................
...............YYY......
...............!@Y......
.................T......
..................#..P..
........................
......†.......†.........
.............†..........
............†....P#...P#
........................
.........<..............


You could see 4 death yaks and a friendly troll (summoned, berserk).

Vanquished Creatures
  Gastronok (Lair:1)
  Harold (D:7)
  A hydra (Lair:1)
  2 death yaks (Lair:3)
  Pikel (D:5)
  Joseph (D:7)
  5 cane toads
  An unseen horror (D:8)
  A tyrant leech (Lair:2)
  Prince Ribbit (D:7)
  Sigmund (D:6)
  3 basilisks
  A wyvern (Lair:2)
  28 yaks
  A steam dragon (D:8)
  4 swamp worms (Lair:2)
  5 water moccasins
  An ice beast (D:5)
  3 orc warriors
  3 black bears
  A necrophage (D:4)
  3 ogres
  A phantom (D:7)
  12 bullfrogs
  2 kobold brigands (D:7)
  A gnoll sergeant (D:8)
  4 scorpions
  A wyvern zombie (D:8)
  A water moccasin skeleton (D:6)
  3 killer bees (D:8)
  2 vampire bats (D:3)
  An electric eel (Lair:1)
  A crimson imp (D:6)
  Crazy Yiuf (D:5)
  A hound (D:4)
  2 jellies
  A bullfrog skeleton (D:7)
  An iguana (D:6)
  An orc priest (D:6)
  A centaur skeleton (D:7)
  3 orc wizards
  A killer bee zombie (D:8)
  9 adders
  9 gnolls
  3 river rats (D:4)
  A shadow imp (D:5)
  2 white imps (D:6)
  An ufetubus (D:6)
  An adder skeleton (D:4)
  2 worms (D:4)
  A dart slug (D:2)
  28 orcs
  5 bat skeletons (D:3)
  A bat zombie (D:3)
  6 endoplasms
  3 giant cockroaches
  7 goblins
  3 hobgoblins
  A jackal (D:4)
  2 quokkas
  4 ball pythons
  2 bats
  2 frilled lizards
  11 kobolds
  9 rats
223 creatures vanquished.

Vanquished Creatures (others)
  3 fungi
  3 plants
6 creatures vanquished.

Grand Total: 229 creatures vanquished

Notes
Turn   | Place    | Note
-------+----------+-------------------------------------------
     0 | D:1      | Erymatos the Minotaur Berserker began the quest for the
                  | Orb.
     0 | D:1      | Reached XP level 1. HP: 19/19 MP: 0/0
   337 | D:1      | Found a faded altar of an unknown god.
   416 | D:1      | Reached XP level 2. HP: 21/27 MP: 1/1
   733 | D:2      | Found a basalt altar of Yredelemnul.
   875 | D:2      | Reached skill level 4 in Axes
   880 | D:2      | Reached ** piety under Trog
  1328 | D:2      | Found Loblimpi's Book Boutique.
  1427 | D:3      | Reached XP level 3. HP: 33/33 MP: 2/2
  1447 | D:3      | Found Erruzuih's Book Emporium.
  1865 | D:3      | Reached XP level 4. HP: 39/40 MP: 3/3
  1884 | D:3      | Found an ancient bone altar of Kikubaaqudgha.
  1890 | D:3      | Reached skill level 5 in Axes
  1893 | D:3      | Reached XP level 5. HP: 46/47 MP: 4/4
  2384 | D:4      | Noticed a necrophage
  2391 | D:4      | Killed a necrophage
  2392 | D:4      | Reached skill level 6 in Axes
  2392 | D:4      | Reached XP level 6. HP: 40/55 MP: 5/5
  2565 | D:4      | Found a glowing silver altar of Zin.
  2680 | D:4      | Reached skill level 5 in Fighting
  3180 | D:4      | Noticed an orc warrior
  3190 | D:4      | Killed an orc warrior
  3190 | D:4      | Reached *** piety under Trog
  3191 | D:4      | Reached skill level 7 in Axes
  3191 | D:4      | Reached XP level 7. HP: 61/61 MP: 6/6
  3371 | D:4      | Reached skill level 5 in Armour
  3763 | D:4      | Upgraded the game from 0.27.1-3-gb3d3a73c9e to
                  | 0.27.1-34-g3ba077fa99
  3948 | D:5      | Entered Level 5 of the Dungeon
  4096 | D:5      | Found Heufeh's Book Emporium.
  4439 | D:5      | Noticed Pikel
  4458 | D:5      | Killed Pikel
  4459 | D:5      | Reached skill level 8 in Axes
  4459 | D:5      | Reached XP level 8. HP: 70/70 MP: 7/7
  4795 | D:5      | Found a runed translucent door.
  4796 | D:5      | Noticed Crazy Yiuf
  4917 | D:5      | Found a radiant altar of Vehumet.
  4919 | D:5      | Found a shimmering altar of Xom.
  4919 | D:5      | Found a basalt altar of Yredelemnul.
  4929 | D:5      | Reached skill level 9 in Axes
  5000 | D:5      | Found a shimmering altar of Xom.
  5000 | D:5      | Found a glowing golden altar of the Shining One.
  5000 | D:5      | Found a white marble altar of Elyvilon.
  5137 | D:5      | Killed Crazy Yiuf
  5325 | D:6      | Noticed Sigmund
  5333 | D:6      | Killed Sigmund
  5334 | D:6      | Reached skill level 5 in Dodging
  5415 | D:6      | Reached skill level 10 in Axes
  5415 | D:6      | Reached XP level 9. HP: 43/79 MP: 8/8
  6251 | D:7      | Noticed Prince Ribbit
  6266 | D:7      | Killed Prince Ribbit
  6301 | D:7      | Reached **** piety under Trog
  6346 | D:7      | Noticed Harold
  6363 | D:7      | Killed Harold
  6364 | D:7      | Reached skill level 11 in Axes
  6542 | D:7      | Noticed Joseph
  6568 | D:7      | Killed Joseph
  6682 | D:7      | Reached XP level 10. HP: 70/90 MP: 9/9
  6728 | D:7      | Found a staircase to the Ecumenical Temple.
  6976 | D:7      | Found a faded altar of an unknown god.
  6978 | D:7      | Found a hazy altar of Hepliaklqana.
  7619 | D:8      | Reached skill level 12 in Axes
  7968 | D:8      | Found a staircase to the Lair.
  7973 | Lair:1   | Entered Level 1 of the Lair of Beasts
  8081 | Lair:1   | Noticed a cane toad
  8105 | Lair:1   | Killed a cane toad
  8168 | Lair:1   | Noticed Gastronok
  8178 | Lair:1   | Reached skill level 10 in Fighting
  8197 | Lair:1   | Killed Gastronok
  8198 | Lair:1   | Reached skill level 13 in Axes
  8198 | Lair:1   | Reached skill level 10 in Armour
  8198 | Lair:1   | Reached XP level 11. HP: 101/101 MP: 10/10
  8268 | Lair:1   | Noticed a seven-headed hydra
  8286 | Lair:1   | Killed a 14-headed hydra
  9246 | Lair:2   | Reached ***** piety under Trog
  9249 | Lair:2   | Reached skill level 14 in Axes
  9446 | Lair:2   | Found a staircase to the Swamp.
  9986 | Lair:3   | Received a gift from Trog
  9986 | Lair:3   | Noticed a death yak
 10015 | Lair:3   | Killed a death yak
 10031 | Lair:3   | Reached XP level 12. HP: 108/112 MP: 11/11
 10048 | Lair:3   | Noticed a death yak
 10048 | Lair:3   | Noticed a death yak
 10049 | Lair:3   | Noticed a death yak
 10049 | Lair:3   | Noticed a death yak
 10050 | Lair:3   | Noticed a death yak
 10055 | Lair:3   | Killed a death yak
 10057 | Lair:3   | Slain by a death yak

Illustrated notes

Levels and vault maps discovered:
D:1:      roderic_dead_forest, layout_basic,
          hellmonk_ecumenical_altar_leap_of_faith
D:2:      layout_rooms, serial_shops, shop, basic_altar
D:3:      layout_basic, kennysheep_vampire_church, serial_shops,
          nicolae_diamond_shop, minmay_hedge_maze
D:4:      layout_loops_corners, mainiacjoe_overflow_paths,
          lightli_sewer_entry_pipes, minmay_divided_ellipse
D:5:      layout_loops_corners, doesnt_xom_only_xom, serial_shops, shop,
          uniq_pikel, uniq_crazy_yiuf_cottage
D:6:      layout_cave_pools, minivault_10, minmay_fire_ice_demons, uniq_sigmund
D:7:      layout_loops_corners, beargit_hepliaklqana_dungeon_heroes,
          minmay_temple_entry_enclosed_plants, uniq_harold, uniq_prince_ribbit1,
          uniq_joseph
D:8:      layout_basic, lair_entry_dummy
Lair:1:   layout_loops_ring, grunt_megastairs_1, serial_bayou_shore_b,
          infiniplex_staircase_pool, lemuel_fruit_fields, uniq_gastronok
Lair:2:   layout_regular_city, minmay_swamp_entry_worms
Lair:3:   layout_long_grid, nicolae_spider_entry_non_spiders,
          infiniplex_staircase_pool_2

Skill      XL: |  1  2  3  4  5  6  7  8  9 10 11 12 |
---------------+-------------------------------------+-----
Axes           | 4 5 6 7 8 10 11 13 14 | 14.7
Fighting       | 4 5 6 7 8 10 11 12 | 12.0
Armour         | 3 4 6 7 8 10 11 | 11.5
Dodging        | 3 4 5 6 7 8 |  8.0

Action                   |  1- 3 |  4- 6 |  7- 9 | 10-12 || total
-------------------------+-------+-------+-------+-------++-------
Melee: Hand axe          |    83 |   104 |   265 |   408 ||   860
       Headbutt          |     8 |    16 |    55 |   131 ||   210
       Battleaxe         |       |       |       |     5 ||     5
Invok: Berserk           |       |     3 |     5 |     9 ||    17
       Trog's Hand       |       |       |       |     1 ||     1
       Brothers in Arms  |       |       |       |     1 ||     1
Armor: Animal skin       |    11 |       |       |       ||    11
       Ring mail         |    23 |    52 |    60 |       ||   135
       Scale mail        |       |       |    26 |   134 ||   160
Dodge: Dodged            |    55 |    61 |   139 |   245 ||   500
